 Dungeon Crawl Stone Soup version 0.31-a0-981-geadf994542 (webtiles) character file.

Game seed: 1280777464768345333

34845 BinkBink the Thaumaturge (level 13, -1/104 HPs)
             Began as a Mummy Necromancer on Oct 31, 2023.
             Was a Follower of Yredelemnul.
             Killed by divine providence
             ... invoked by an orc high priest
              (12 damage)
             ... on level 2 of the Orcish Mines on Nov 1, 2023.
             The game lasted 00:47:15 (19151 turns).

BinkBink the Thaumaturge (Mummy Necromancer)       Turns: 19151, Time: 00:47:17

Health: -1/104     AC: 30    Str: 11    XL:     13   Next: 44%
Magic:  18/29      EV:  7    Int: 19    God:    Yredelemnul [*.....]
Gold:   1089       SH:  0    Dex: 17    Spells: 33/37 levels left

rFire   x . .        l - +10 falchion of the Unseen Realm {spect, Str+4}
rCold   + + +        D - orb of Levity {light, Drain rC+++ Str-5 Int+5}
rNeg    + + +        t - +18 Lear's hauberk
rPois   ∞            (helmet currently unavailable)
rElec   .            F - scarf {repulsion}
rCorr   .            (gloves currently unavailable)
SInv    .            (boots currently unavailable)
Will    +....        G - amulet of the acrobat Stlth
                     e - +4 ring of protection
HPRegen 0.37/turn    d - ring of flight
MPRegen 0.21/turn

%: repel missiles, acrobat, faith
@: flying, glowing
A: cold resistance 1, negative energy resistance 3, torment resistance 2, heat
vulnerability 1, in touch with death 2, no potions, faith
a: Renounce Religion, Recall Undead Harvest


You were on level 2 of the Orcish Mines.
You worshipped Yredelemnul.
Yredelemnul was noncommittal.
You visited 4 branches of the dungeon, and saw 20 of its levels.

You collected 1355 gold pieces.
You spent 266 gold pieces at shops.

Inventory:

Hand Weapons
 l - the +10 falchion of the Unseen Realm (weapon) {spect, Str+4}
   (You found it on level 3 of the Dungeon)

   Str+4:     It affects your strength (+4).
Armour
 a - a +0 robe
 h - a +0 helmet
 i - a +0 pair of boots
 j - a +2 pair of gloves of strength
 q - a +2 tower shield
 s - the -2 hat "Nefuomop" {rF- rC+ Will+++ SInv}
   (You found it on level 7 of the Dungeon)

   rF-:       It makes you vulnerable to fire.
   rC+:       It protects you from cold.
   Will+++:   It greatly increases your willpower.
   SInv:      It lets you see invisible.
 t - the +18 Lear's hauberk (worn)
   (You found it on level 7 of the Dungeon)
 C - a +0 cloak
 D - the orb of Levity (worn) {light, Drain rC+++ Str-5 Int+5}
   (You bought it in a shop on level 12 of the Dungeon)

   Str-5:     It affects your strength (-5).
   Int+5:     It affects your intelligence (+5).
   rC+++:     It renders you almost immune to cold.
   Drain:     It drains your maximum health when unequipped.
 F - a scarf of repulsion (worn)
Jewellery
 d - a ring of flight (right hand)
 e - a +4 ring of protection (left hand)
 p - a ring of resist corrosion
 w - a ring of wizardry
 z - a ring of protection from cold
 G - an amulet of the acrobat (around neck)
Wands
 n - a wand of flame (38)
 x - a wand of charming (16)
 A - a wand of mindburst (7)
Scrolls
 b - 4 scrolls of revelation
 c - 4 scrolls of silence
 g - a scroll of noise
 m - 6 scrolls of identify
 o - 3 scrolls of enchant weapon
 r - 5 scrolls of fear
 u - a scroll of summoning
 B - 4 scrolls of amnesia


   Skills:
 + Level 10.7 Fighting
 - Level 1.0(5.5) Short Blades
 + Level 8.7(8.8) Long Blades
 + Level 2.3 Armour
 + Level 5.3 Dodging
 - Level 1.5 Stealth
 + Level 12.9 Spellcasting
 + Level 11.4 Necromancy
 + Level 6.8 Invocations


You had 33 spell levels left.
You knew the following spells:

 Your Spells              Type           Power      Damage    Failure   Level
a - Necrotise             Necr           100%       1d9       1%          1
b - Vampiric Draining     Necr           90%        2d12      4%          3

Your spell library contained the following spells:

 Spells                   Type           Power      Damage    Failure   Level
 Agony                    Necr           90%        N/A       38%         5
 Animate Armour           Summ/Erth      24%        N/A       100%        4
 Summon Lightning Spire   Summ/Air       12%        N/A       100%        4
 Lee's Rapid Deconstruct  Erth           6%         3d6*      100%        5
 Animate Dead             Necr           Unusable   N/A       N/A         4

Dungeon Overview and Level Annotations

Branches:
Dungeon (14/15)            Temple (1/1) D:4            Lair (3/5) D:8
  Snake (0/4) Lair:2          Orc (2/2) D:11
  Swamp: Lair:2-3    Shoals: Lair:2-3       Elf: Orc:2       Vaults: D:13-14

Altars:
Ashenzari
Cheibriados
Dithmenos
Fedhas
Gozag
Hepliaklqana
Kikubaaqudgha
Makhleb
Nemelex Xobeh
Okawaru
Qazlal
Ru
Sif Muna
Trog
Uskayaw
Vehumet
Wu Jian
Xom
Yredelemnul

Shops:
D:9 (   D:10 ?   D:12 [

Portals:
Trove: D:11 (give +2 storm dragon scales)

Annotations:
D:2 Sigmund
D:3 1 runed translucent door, Crazy Yiuf
D:11 3 runed translucent doors, pzskc383's ghost, journeyman GrFi
D:14 Azrael


Innate Abilities, Weirdness & Mutations

You are immune to poison.
Your flesh is cold resistant. (rC+)
You are immune to negative energy. (rN+++)
You are immune to unholy pain and torment.
You are vulnerable to heat. (rF-)
You are strongly in touch with the powers of death.
You do not drink.
You have a special connection with the divine. (Faith)


Message History

Send 'em back where they came from!
Your orc warrior dissolves into shadows!
The orc priest calls upon Beogh to heal the orc warrior.
The orc warrior is healed somewhat.
The orc warrior hits your orc priest zombie with a +0 mace!!
Your orc priest zombie is destroyed!
The red devil hits you but does no damage.
An orc warrior comes into view. It is wielding a +0 glaive.
The orc warrior barely misses you.
An orc wizard comes into view. It is wielding a +0 dagger.
The orc warrior hits you but does no damage.
The orc warrior hits your orc warrior zombie with a +0 hand axe!
The orc knight roars a battlecry!
The orcs go into a battle-frenzy!
The orc warrior hits you but does no damage. x2
The orc sorcerer howls an incantation.
The orc sorcerer shimmers violently.
The orc sorcerer hits you but does no damage.
The orc knight hits you but does no damage.
The orc priest begins to cast a cantrip, but forgets the words!
An orc sorcerer comes into view.
It is wielding a +0 dagger and wearing a +2 robe of fire resistance.
The smoke demon gestures at you. Beogh smites you!
* * * LOW HITPOINT WARNING * * *
Your orc wizard zombie barely misses the orc warrior.
The red devil closely misses you.
Blink to where?
Press: ? - help, Dir - move target An orc wizard comes into view.
It is wielding a +0 dagger.
As you read the scroll of blinking, it crumbles to dust.
The orc shouts!
The orc warrior shouts!
The orc wizard shouts!
The ogre shouts!
The orc wizard mumbles some strange words.
The orc wizard flickers and vanishes!
The orc hits your orc wizard zombie with a +0 whip.
The orc wizard casts a spell.
The orc wizard flickers and vanishes for a moment.
The orc high priest calls down the wrath of Beogh upon you.
Beogh smites you!
You die...
You join the legions of the undead harvest.

#......#.....# ....
##......#....# #...#
#...#.)..o..# #...#
##.###o.....######...#######.
#.# ....{..#.......Z.o4..ooo
#.. .......#......ooo.o.....
##. ..#....Oo...o{oTooooo....
.# #...oo..o.33.ooo4..... ..
.......@....oooooo....
#............Zo..o....
#............Z........
#....#.............o..
##...#.....o.......... #..
######...#######o #.# ...# ..
..#


You could see an orc knight (strong), a soul eater (summoned), 3 orc high
priests, a troll, a smoke demon (summoned), an orc sorcerer (strong), 8 orc
warriors, an ogre, an orc priest (strong), 3 orc wizards, 2 orcs, a friendly orc
zombie, a friendly orc warrior zombie and a friendly orc wizard zombie.

Vanquished Creatures
  An orc warlord (Orc:1)
  A catoblepas (Lair:1)
  Erica (D:8)
  A boulder beetle (D:11)
  A centaur warrior (D:13)
  3 two-headed ogres
  Urug (D:12)
  3 deep elf pyromancers (D:13)
  A cyclops (D:13)
  2 manticores (D:12)
  An ugly thing (D:11)
  2 black mambas
  2 gargoyles
  2 unseen horrors
  5 cane toads
  2 rime drakes
  4 komodo dragons
  7 trolls
  A hornet (D:8)
  Prince Ribbit (D:6)
  4 blink frogs (Lair:1)
  A vampire (D:13)
  2 wraiths
  Eustachio (D:5)
  28 yaks
  A fire elemental (D:13)
  4 steam dragons
  4 vampire mosquitoes (D:13)
  A warg (D:11)
  2 swamp worms (Lair:3)
  An acid dragon (D:9)
  2 hell hounds (D:13)
  2 nagas (Lair:2)
  4 water moccasins
  Duvessa (D:5)
  8 orc warriors
  4 ice beasts
  2 sky beasts
  A black bear (D:3)
  4 ogres
  4 centaurs
  18 wolves
  2 phantoms
  6 bullfrogs
  2 kobold brigands
  Blork the orc (D:5)
  2 scorpions
  9 wights
  10 killer bees
  2 jellies
  A gnoll bouda (D:4)
  4 hounds
  12 orc priests
  2 iguanas
  Jessica (D:3)
  Natasha (thrice) (D:3)
  17 orc wizards
  4 gnolls
  9 adders
  A shadow imp (D:6)
  2 white imps (D:6)
  2 ufetubi (D:5)
  3 worms
  3 dart slugs
  50 orcs
  8 ball pythons
  5 bats
  3 endoplasms
  A giant cockroach (D:3)
  16 goblins
  5 hobgoblins
  10 jackals
  21 kobolds
  5 quokkas
  2 frilled lizards
  5 rats
370 creatures vanquished.

Vanquished Creatures (collateral kills)
  A centaur warrior (D:13)
  A two-headed ogre (D:10)
  A skyshark (Lair:2)
  An orc knight (Orc:2)
  A black mamba (Lair:2)
  A rime drake (Lair:2)
  A komodo dragon (Lair:3)
  A blink frog (Lair:1)
  A shadow (D:9)
  4 yaks
  A wyvern (Lair:1)
  2 nagas (Lair:2)
  2 water moccasins
  2 ice beasts (D:8)
  5 wolves
  2 bullfrogs (Lair:2)
  Dowan (D:5)
  2 jellies
  6 killer bees
  2 orc wizards
  A gnoll (D:4)
  A shadow imp (D:6)
  11 orcs
  A jackal (D:1)
  A quokka (D:3)
  2 kobolds (D:7)
55 creatures vanquished.

Vanquished Creatures (others)
  An ugly thing zombie (D:11)
  2 unseen horror zombies
  2 black mamba zombies
  A two-headed ogre zombie (D:12)
  A vampire mosquito zombie (D:13)
  A komodo dragon zombie (Lair:2)
  A warg zombie (D:11)
  2 water moccasin zombies (Lair:2)
  2 yak zombies
  A killer bee (D:9)
  5 wolf zombies
  2 bullfrog zombies (Lair:2)
  3 killer bee zombies (D:9)
  An ogre zombie (Orc:2)
  A hound zombie (D:6)
  An elf zombie (D:5)
  An adder zombie (D:5)
  An iguana zombie (D:6)
  A jelly zombie (D:5)
  An endoplasm (D:3)
  4 kobold zombies (D:5)
  27 orc zombies
  A spectral ufetubus (D:5)
  2 spectral weapons
65 creatures vanquished.

Grand Total: 490 creatures vanquished

Notes
Turn   | Place    | Note
-------+----------+-------------------------------------------
     0 | D:1      | BinkBink the Mummy Necromancer began the quest for the Orb.
     0 | D:1      | Reached XP level 1. HP: 13/13 MP: 4/4
   131 | D:1      | Reached XP level 2. HP: 20/20 MP: 2/5
   139 | D:1      | Reached skill level 3 in Spellcasting
   264 | D:1      | Reached skill level 1 in Fighting
   498 | D:1      | Reached XP level 3. HP: 26/26 MP: 5/7
  1229 | D:2      | Reached XP level 4. HP: 33/33 MP: 2/9
  1651 | D:2      | Noticed Sigmund
  2186 | D:3      | Found a faded altar of an unknown god.
  2239 | D:3      | Found a radiant altar of Vehumet.
  2240 | D:3      | Noticed a black bear
  2248 | D:3      | Killed a black bear
  2249 | D:3      | Reached skill level 1 in Short Blades
  2249 | D:3      | Reached skill level 4 in Spellcasting
  2249 | D:3      | Reached XP level 5. HP: 39/39 MP: 3/11
  2419 | D:3      | Identified the +10 falchion of the Unseen Realm {spect,
                  | Str+4}
  2434 | D:3      | Noticed Natasha
  2444 | D:3      | Killed Natasha
  2547 | D:3      | Reached skill level 5 in Necromancy
  2706 | D:3      | Found a runed translucent door.
  2707 | D:3      | Noticed Crazy Yiuf
  2767 | D:3      | Noticed Natasha
  2774 | D:3      | Killed Natasha
  2819 | D:3      | Noticed Jessica
  2820 | D:3      | Found a hide-covered altar of Uskayaw.
  2822 | D:3      | Killed Jessica
  2823 | D:3      | Reached skill level 1 in Long Blades
  2823 | D:3      | Reached XP level 6. HP: 46/46 MP: 9/12
  2887 | D:3      | Noticed Natasha
  2898 | D:3      | Killed Natasha
  3216 | D:4      | Found a staircase to the Ecumenical Temple.
  3222 | Temple   | Entered the Ecumenical Temple
  3273 | Temple   | Became a worshipper of Yredelemnul the Dark
  3293 | D:4      | Reached * piety under Yredelemnul
  3313 | D:4      | Reached skill level 5 in Spellcasting
  3334 | D:4      | Found a broken altar of Ashenzari.
  3348 | D:4      | Reached ** piety under Yredelemnul
  3437 | D:4      | You are sucked into a shaft and drop 1 floor!
  3437 | D:5      | Entered Level 5 of the Dungeon
  3471 | D:5      | Reached XP level 7. HP: 50/52 MP: 14/14
  3650 | D:5      | Noticed Blork the orc
  3652 | D:5      | Killed Blork the orc
  3767 | D:5      | Noticed Dowan
  3768 | D:5      | Noticed Duvessa
  3780 | D:5      | Killed Duvessa
  3788 | D:5      | Killed Dowan
  3789 | D:5      | Reached skill level 6 in Spellcasting
  3948 | D:5      | Your ally Duvessa died
  3957 | D:5      | Reached XP level 8. HP: 61/61 MP: 17/17
  4011 | D:5      | Noticed Eustachio
  4022 | D:5      | Killed Eustachio
  4076 | D:5      | Reached *** piety under Yredelemnul
  4335 | D:5      | Reached skill level 5 in Fighting
  4663 | D:4      | Found a sparkling altar of Nemelex Xobeh.
  4911 | D:6      | Reached skill level 7 in Spellcasting
  4966 | D:6      | Noticed Prince Ribbit
  4987 | D:6      | Killed Prince Ribbit
  4988 | D:6      | Reached XP level 9. HP: 65/69 MP: 20/20
  5152 | D:6      | Found a burning altar of Makhleb.
  5155 | D:6      | Found a hazy altar of Hepliaklqana.
  5789 | D:7      | Noticed a troll
  5795 | D:7      | Killed a troll
  5796 | D:7      | Reached skill level 8 in Spellcasting
  5846 | D:7      | Got the -2 hat "Nefuomop" {rF- rC+ Will+++ SInv}
  5861 | D:7      | Learned a level 3 spell: Vampiric Draining
  5871 | D:7      | Found the +18 Lear's hauberk
  6878 | D:8      | Noticed Erica
  6882 | D:8      | Reached skill level 5 in Long Blades
  6886 | D:8      | Killed Erica
  6887 | D:8      | Reached skill level 9 in Spellcasting
  7025 | D:8      | Reached XP level 10. HP: 76/79 MP: 23/23
  7036 | D:8      | Found a staircase to the Lair.
  7070 | D:8      | Reached **** piety under Yredelemnul
  7085 | D:8      | Reached ***** piety under Yredelemnul
  7227 | D:8      | Reached ****** piety under Yredelemnul
  7298 | D:8      | Found a sacrificial altar of Ru.
  7763 | D:9      | Reached skill level 1 in Invocations
  7972 | D:9      | Reached skill level 10 in Spellcasting
  8082 | D:9      | Found Maheup's Weapon Shop.
  8696 | D:9      | Reached XP level 11. HP: 80/87 MP: 25/25
  8842 | D:10     | Entered Level 10 of the Dungeon
  8911 | D:10     | Noticed a two-headed ogre
  8920 | D:10     | Killed a two-headed ogre
  9032 | D:10     | Noticed a two-headed ogre
  9041 | D:10     | Killed a two-headed ogre
  9049 | D:10     | Found The Oracle's Delphic Readings.
  9240 | D:10     | Noticed a two-headed ogre
  9247 | D:10     | Killed a two-headed ogre
  9581 | D:10     | Reached skill level 11 in Spellcasting
  9976 | D:11     | Reached skill level 10 in Necromancy
  9980 | D:11     | Noticed a brown ugly thing
  9995 | D:11     | Killed a brown ugly thing
  9996 | D:11     | Found a staircase to the Orcish Mines.
 10138 | D:11     | Noticed a boulder beetle
 10661 | D:11     | Killed a boulder beetle
 10824 | D:11     | Noticed a six-headed hydra
 10825 | D:11     | Noticed pzskc383's ghost (journeyman GrFi)
 10826 | D:11     | Noticed a two-headed ogre
 10826 | D:11     | Noticed a frost giant
 10835 | D:11     | Found a runed translucent gate.
 10835 | D:11     | Found a runed translucent gate.
 11051 | D:11     | Found a runed translucent gate.
 11138 | D:11     | Found a portal to a secret trove of treasure.
 11507 | D:12     | Noticed a two-headed ogre
 11515 | D:12     | Killed a two-headed ogre
 11516 | D:12     | Reached skill level 5 in Invocations
 11516 | D:12     | Reached XP level 12. HP: 93/96 MP: 22/27
 11863 | D:12     | Found Quiclahy's Antique Armour Shop.
 11866 | D:12     | Noticed Urug
 11879 | D:12     | Killed Urug
 12021 | D:12     | Bought a smoking orb for 266 gold pieces
 12021 | D:12     | Identified the orb of Levity {light, Drain rC+++ Str-5
                  | Int+5} (You bought it in a shop on level 12 of the Dungeon)
 12487 | D:12     | Identified the +0 robe of Protective Custody {rN+ Int+3}
 12866 | D:13     | Reached skill level 12 in Spellcasting
 13000 | D:13     | Noticed a centaur warrior
 13000 | D:13     | Noticed a centaur warrior
 13005 | D:13     | Killed a centaur warrior
 13006 | D:13     | Reached skill level 10 in Fighting
 13009 | D:13     | Killed a centaur warrior
 13644 | Orc:1    | Entered Level 1 of the Orcish Mines
 14027 | Orc:2    | Entered Level 2 of the Orcish Mines
 14052 | Orc:2    | HP: 1/97 [orc priest/divine providence (14)]
 14392 | Orc:2    | Noticed an orc warlord
 14599 | Orc:2    | Noticed an orc high priest
 14599 | Orc:2    | Noticed an orc high priest
 14614 | Orc:1    | Killed an orc warlord
 14871 | Lair:1   | Entered Level 1 of the Lair of Beasts
 14871 | Lair:1   | Noticed a catoblepas
 14882 | Lair:1   | Killed a catoblepas
 15176 | Lair:1   | Reached skill level 1 in Armour
 15201 | Lair:1   | Gained mutation: You are strongly in touch with the powers
                  | of death. [Mummy growth]
 15201 | Lair:1   | Reached XP level 13. HP: 54/104 MP: 29/29
 16193 | Lair:2   | Identified the +0 ring mail of Retarom {Drain rF+ Will+}
 16255 | Lair:2   | Found a staircase to the Snake Pit.
 16279 | Lair:2   | Reached skill level 5 in Dodging
 17242 | Lair:2   | You are sucked into a shaft and drop 1 floor!
 18520 | D:14     | Noticed Azrael
 19151 | Orc:2    | Killed from afar by an orc high priest

Illustrated notes

Levels and vault maps discovered:
D:1:      lightli_molten_gateway, layout_rooms, serial_curves, eino_curves_04,
          eino_curves_02
D:2:      layout_loops_corners, uniq_sigmund
D:3:      layout_rooms, fiery_altar_vehumet, nicolae_uskayaw_dance_hall,
          nicolae_ecumenical_pavilion, uniq_jessica, uniq_natasha,
          uniq_crazy_yiuf_cottage
D:4:      layout_rooms, mainiacjoe_overflow_chevrons,
          ashenzari_conservatory_becter, minmay_temple_entry_gardened_gates
D:5:      layout_gridville, hangedman_abyss_or_decor_slice, uniq_eustachio,
          uniq_blork_the_orc, uniq_duvessa
D:6:      layout_basic, nicolae_overflow_two_pavilions, uniq_prince_ribbit1
D:7:      layout_basic, hellmonk_guarded_unrand_lears
D:8:      layout_basic, nicolae_ru_awakened_eye, hellmonk_lair_entry_icy,
          uniq_erica
D:9:      layout_roguey, serial_shops, shop, lightli_fourway_metalbox
D:10:     layout_cave_pods, nicolae_nh_oracle_at_delphi
D:11:     layout_basic, david_orc_3, enter_trove_6, gammafunk_ghost_split,
          kennysheep_cross_bottleneck
D:12:     layout_irregular_city, serial_shops, shop, uniq_urug
D:13:     layout_roguey
D:14:     layout_cave_pools, david_vaults_3, kennysheep_cross_room,
          serial_shops, nicolae_shop_statue_plus, nicolae_shop_hallway_stairs,
          special_room [special_room_mythical_zoo], feat_on_display,
          uniq_azrael, uniq_nessos
Temple:   nicolae_temple_bog_church
Lair:1:   layout_gridlike, grunt_megastairs_1, serial_bayou_shore_b
Lair:2:   layout_cave_pods, minmay_snake_entry_guardpost_small,
          chequers_serial_rivers_large_b, small_statue_intersection,
          grunt_forest_large_clearings
Lair:3:   nzn_winding_woodlands_large [nzn_winding_woodlands_5x5_cross,
          nzn_winding_woodlands_5x15_crooked, nzn_winding_woodlands_5x5_default,
          nzn_winding_woodlands_center_lodge,
          nzn_winding_woodlands_15x15_five_gardens,
          nzn_winding_woodlands_center_pierced_h,
          nzn_winding_woodlands_5x5_default,
          nzn_winding_woodlands_5x15_sawtooth,
          nzn_winding_woodlands_5x5_open_star], layout_regular_city,
          palyth_hydra_swamp_entry
Orc:1:    nicolae_orc_accident_2, layout_caves
Orc:2:    st_orc_congregation, layout_caves, basic_altar

Skill      XL: |  1  2  3  4  5  6  7  8  9 10 11 12 13 |
---------------+----------------------------------------+-----
Spellcasting   | 3 4 5 6 7 9 10 11 12 | 12.9
Fighting       | 1 2 3 4 5 7 8 9 10 | 10.7
Dodging        | 2 3 4 5 |  5.3
Short Blades   | 1 |  1.0
Necromancy     | 5 6 7 8 9 10 11 | 11.4
Long Blades    | 1 2 4 5 6 7 8 |  8.7
Invocations    | 3 5 6 |  6.8
Armour         | 1 2 |  2.3
Stealth        | |  1.5

Action                     |  1- 3 |  4- 6 |  7- 9 | 10-12 | 13-15 || total
---------------------------+-------+-------+-------+-------+-------++-------
  Melee: Unarmed           |     6 |       |       |       |       ||     6
         Punch             |     1 |       |     4 |     8 |       ||    13
         Dagger            |       |     8 |       |       |       ||     8
         Falchion          |       |    40 |   167 |   553 |   159 ||   919
   Cast: Necrotise         |    69 |    68 |    10 |    46 |     2 ||   195
         Vampiric Draining |       |       |       |    15 |     4 ||    19
 Invoke: Recall Undead Har |       |       |     3 |       |       ||     3
    Use: Scroll            |       |     2 |       |    13 |     6 ||    21
   Stab: Distracted        |       |     1 |     5 |     9 |     7 ||    22
         Sleeping          |       |     2 |     3 |       |       ||     5
 Armour: Robe              |     9 |    50 |    76 |       |       ||   135
         Chain mail        |       |       |    72 |   627 |   320 ||  1019
  Dodge: Dodged            |    10 |    55 |    79 |   196 |   100 ||   440
         Repelled          |       |       |       |       |     7 ||     7

Table legend: (Time is in decaauts)
 A = Elapsed time spent in this place.
 B = Non-inter-level travel time spent in this place.
 C = Inter-level travel time spent in this place.
 D = Time resting spent in this place.
 E = Time spent auto-exploring this place.
 F = Levels seen in this place.
 G = Mean time per level.
                   A        B        C        D        E       F      G
               +--------+--------+--------+--------+--------+-----+--------+
         Total |  19138 |  17654 |   1484 |   2892 |  11887 |  20 |  956.9 |
       Dungeon |  14298 |  13134 |   1164 |   1568 |   9303 |  14 | 1021.3 |
        Temple |     60 |      1 |     59 |      0 |      0 |   1 |   60.0 |
          Lair |   3411 |   3204 |    207 |    481 |   2346 |   3 | 1137.0 |
  Orcish Mines |   1368 |   1315 |     53 |    843 |    238 |   2 |  684.0 |
               +--------+--------+--------+--------+--------+-----+--------+

Top non-repeatable levels by time:
  Lair:2: 1615 daAuts
  Lair:1: 1586 daAuts
    D:10: 1504 daAuts
    D:11: 1410 daAuts
    D:12: 1327 daAuts
   Orc:1: 1301 daAuts
     D:5: 1180 daAuts
     D:9: 1174 daAuts
     D:2: 1139 daAuts
    D:13: 1132 daAuts
     D:7: 1095 daAuts
     D:1: 1046 daAuts
     D:3: 980 daAuts
     D:8: 937 daAuts
     D:6: 871 daAuts
